 Dungeon Crawl Stone Soup version 0.16-b1 (webtiles) character file.

27 RobertPalmer the Chiller (level 3, 0/21 HPs)
             Began as an Octopode Ice Elementalist on Mar 15, 2015.
             Succumbed to an adder's poison
             ... on level 2 of the Dungeon.
             The game lasted 00:02:03 (1871 turns).

RobertPalmer the Chiller (OpIE)                     Turns: 1871, Time: 00:02:03

Health: 0/21       AC:  1    Str:  7    XL:     3   Next: 10%
Magic:  3/6        EV: 12    Int: 18    God:
Gold:   11         SH:  0    Dex: 12    Spells: 2 memorised, 2 levels left

rFire  . . .     SeeInvis .     e - +0 dagger
rCold  . . .     Clarity  .     (no shield)
rNeg   . . .     SustAb   .     (helmet restricted)
rPois  .         Gourm    .     (no amulet)
rElec  .         Spirit   .     (no ring)
rCorr  .         Warding  .     (no ring)
rMut   .         Stasis   .     (no ring)
MR     .....                    (no ring)
Stlth  +++.......               (no ring)
                                (no ring)
                                (no ring)
                                (no ring)

@: lethally poisoned (0 -> -7), not resistant to hostile enchantments, fairly
stealthy
A: almost no armour, amphibious, 8 rings, constrict 8, camouflage 1, gelatinous
body 1
a: no special abilities


You were on level 2 of the Dungeon.
You were not hungry.

You visited 1 branch of the dungeon, and saw 2 of its levels.

You collected 11 gold pieces.

Inventory:

Hand weapons
 e - a +0 dagger (weapon)
   (You took it off a goblin on level 1 of the Dungeon)
Scrolls
 d - 4 scrolls of remove curse {unknown}
 f - 3 scrolls of identify {unknown}
Books
 b - a book of Frost
Comestibles
 a - 2 meat rations
 c - a bread ration
 g - a chunk of flesh


   Skills:
 - Level 2.0 Dodging
 - Level 2.6 Stealth
 - Level 2.0 Spellcasting
   Level 1.0 Conjurations
 + Level 4.1 Ice Magic


You had 2 spell levels left.
You knew the following spells:

 Your Spells              Type           Power        Failure   Level  Hunger
a - Freeze                Ice            ###.         3%          1    #......
A - Ozocubu's Armour      Chrm/Ice       #.......     24%         3    ###....


Dungeon Overview and Level Annotations

Branches:
Dungeon (2/15)

Altars:


Innate Abilities, Weirdness & Mutations

You cannot wear most types of armour.
You are amphibious.
You can wear up to eight rings at the same time.
You can use your tentacles to constrict many enemies at once.
Your skin changes colour to match your surroundings (Stealth).
Your rubbery body absorbs attacks (AC +1).


Message History

The giant newt is moderately wounded.
You constrict the giant newt. The giant newt bites you.
You hit the giant newt.
You kill the giant newt!
You see here a hobgoblin corpse.
f - 3 scrolls labeled GEICVI KOTISCH (gained 1)
You see here a giant newt corpse.
You butcher the giant newt corpse.
g - 2 chunks of flesh (gained 1)
You start resting.
Eating one of 2 chunks of flesh.
This raw flesh tastes terrible.
You continue eating. x2
You now have 11 gold pieces (gained 6).
Found a stone staircase leading down.
A hobgoblin comes into view.
The hobgoblin shouts!
A hobgoblin is nearby!
A hobgoblin is nearby!
A hobgoblin is nearby!
You hit the hobgoblin but do no damage. Your grab misses the hobgoblin.
The hobgoblin completely misses you.
You hit the hobgoblin. You grab the hobgoblin.
The hobgoblin is heavily wounded.
You constrict the hobgoblin, but do no damage.
The hobgoblin hits you.
You hit the hobgoblin. You squeeze the hobgoblin.
You kill the hobgoblin!
No target in view!
No target in view!
Memorise Ozocubu's Armour, consuming 3 spell levels and leaving 2?
You start memorising the spell.
You continue memorising.
You continue memorising. x2
You finish memorising.
Spell assigned to 'A'.
A jackal comes into view.
A jackal is nearby!
A jackal is nearby!
A jackal is nearby!
A jackal is nearby!
A jackal comes into view.
An adder comes into view.
The jackal barks!
The jackal closely misses you. The jackal barely misses you.
The jackal barely misses you.
Casting: Freeze
Confirm with . or Enter, or press ? or * to list all spells.
Aiming: Freeze
Press: ? - help, Shift-Dir - straight line, f - jackal
Aim: a jackal You freeze the jackal.
You kill the jackal!
Casting: Freeze
Confirm with . or Enter, or press ? or * to list all spells.
Okay, then.
New annotation for D:2 (include '!' for warning):
Okay, then.
Casting: Freeze
Confirm with . or Enter, or press ? or * to list all spells.
Okay, then.
You start resting.
A jackal is nearby!
You see here a jackal corpse.
An adder comes into view.
The adder bites you.
You are poisoned.
The adder poisons you! The adder barely misses you.
Casting: Freeze
Confirm with . or Enter, or press ? or * to list all spells.
Aiming: Freeze
Press: ? - help, Shift-Dir - straight line, f - adder
Aim: an adder You freeze the adder.
The adder is moderately wounded.
You feel sick. The adder bites you.
You feel sick. The jackal bites you. The adder barely misses you.
The jackal closely misses you.
You feel sick.
You see here a jackal corpse.
The adder bites you.
* * * LOW HITPOINT WARNING * * *
You aren't carrying any potions.
Casting: Freeze
Confirm with . or Enter, or press ? or * to list all spells.
Aiming: Freeze
Press: ? - help, Shift-Dir - straight line, f/p - adder
Aim: an adder (moderately wounded)
You freeze the adder.
The adder is heavily wounded.
The adder bites you.
* * * LOW HITPOINT WARNING * * *
You are more poisoned.
The adder poisons you!
Casting: Freeze
Confirm with . or Enter, or press ? or * to list all spells.
Aiming: Freeze
Press: ? - help, Shift-Dir - straight line, f/p - adder
Aim: an adder (heavily wounded)
You freeze the adder.
The adder is almost dead.
You die...

....!.. #.#.# .......
#.#.#
.......###.#.######
.........##.........
.....................
....................S
........#h###.######.
.......#S# .#
.......#@## .#
######.#..# .# #.##.#
.# ##########.##.# .#
##.............##.#
#...............#.#
#.##########..#.#.#
#.. #..#...# # #..#
#..##..#


You could see an adder and a jackal.

Vanquished Creatures
  A ball python (D:1)
  4 giant cockroaches (D:1)
  4 hobgoblins
  A jackal (D:2)
  2 kobolds (D:1)
  3 bats (D:2)
  5 giant newts
  3 goblins
  3 rats
26 creatures vanquished.

Notes
Turn   | Place    | Note
--------------------------------------------------------------
     0 | D:1      | RobertPalmer, the Octopode Ice Elementalist, began the quest for the Orb.
     0 | D:1      | Reached XP level 1. HP: 11/11 MP: 3/3
   230 | D:1      | HP: 2/11 [ball python (1)]
   636 | D:1      | Reached XP level 2. HP: 9/17 MP: 2/4
  1423 | D:2      | Reached skill level 4 in Ice Magic
  1428 | D:2      | HP: 3/17 [goblin (3)]
  1674 | D:2      | Reached XP level 3. HP: 14/21 MP: 6/6
  1840 | D:2      | Learned a level 3 spell: Ozocubu's Armour
  1869 | D:2      | HP: 2/21 [adder (4)]
  1871 | D:2      | Succumbed to an adder's poison

Action                   || total
-------------------------++-------
Melee: Unarmed           ||     8
       Dagger            ||    41
 Cast: Freeze            ||    12
 Stab: Sleeping          ||     4
  Eat: Chunk             ||     3

Vault maps used:
D:1:      dpeg_arrival_houses_and_road, minmay_misc_feat_chi,
          minmay_close_crescents
D:2:      bloody_makhleb, nicolae_ru_sacrificial_ziggurat, minivault_5

Table legend:
 A = Turns spent in this place as a percentage of turns spent in the entire game.
 B = Non-inter-level travel turns spent in this place as a percentage of non-inter-level travel turns spent in the entire game.
 C = Inter-level travel turns spent in this place as a percentage of turns spent in this place.
 D = Turns resting spent in this place as a percentage of non-inter-level travel turns spent in this place.
 E = Turns spent auto-exploring this place as a percentage of non-inter-level travel turns spent in this place.
 F = Non-inter-level travel turns spent in this place divided by the number of levels of this place that you've seen.
                   A       B       C       D       E      F
               +-------+-------+-------+-------+-------+----------------------
         Total | 100.0 | 100.0 |   0.3 |   7.0 |   6.7 | 172.5
       Dungeon | 100.0 | 100.0 |   0.3 |   7.0 |   6.7 | 172.5
               +-------+-------+-------+-------+-------+----------------------

Table legend:
 A = Kills in this place as a percentage of kills in entire the game.
 B = Kills by you in this place as a percentage of kills by you in the entire game.
 C = Kills by friends in this place as a percentage of kills by friends in the entire game.
 D = Other kills in this place as a percentage of other kills in the entire game.
 E = Experience gained in this place as a percentage of experience gained in the entire game.
 F = Experience gained in this place divided by the number of levels of this place that you have seen.
                   A       B       C       D       E      F
               +-------+-------+-------+-------+-------+----------------------
         Total | 100.0 | 100.0 |  -nan |  -nan | 100.0 |  19.5
       Dungeon | 100.0 | 100.0 |  -nan |  -nan | 100.0 |  19.5
               +-------+-------+-------+-------+-------+----------------------
